 Dungeon Crawl Stone Soup version 0.30-a0-341-g682706514a (webtiles) character file.

Game seed: 8776321541602697126

73 hikkokomori the Chiller (level 3, 0/26 HPs)
             Began as a Demigod Ice Elementalist on Nov 1, 2022.
             Slain by a black bear (11 damage)
             ... on level 3 of the Dungeon.
             The game lasted 00:04:23 (2591 turns).

hikkokomori the Chiller (Demigod Ice Elementalist)  Turns: 2591, Time: 00:04:24

Health: 0/26       AC:  6    Str:  9    XL:     3   Next: 83%
Magic:  3/10       EV: 10    Int: 21    God:
Gold:   249        SH:  0    Dex: 14    Spells: 6/7 levels left

rFire   . . .      SeeInvis .    g - +0 long sword
rCold   . . .      Faith    .    (no shield)
rNeg    + . .      Spirit   .    d - +0 ring mail
rPois   .          Reflect  .    (no helmet)
rElec   .          Harm     .    f - +0 cloak
rCorr   .          Rampage  .    (no gloves)
Will    .....                    (no boots)
Stlth   +.........               (no amulet)
HPRegen 0.24/turn                s - ring of positive energy
MPRegen 0.12/turn                (no ring)

@: very slightly contaminated
A: high MP 1, forlorn, divine attributes
a: no special abilities


You were on level 3 of the Dungeon.
You visited 1 branch of the dungeon, and saw 3 of its levels.

You collected 249 gold pieces.

Inventory:

Hand Weapons
 g - a +0 long sword (weapon)
Armour
 a - a +0 robe
 d - a +0 ring mail (worn)
 f - a +0 cloak (worn)
 h - a +0 chain mail of fire resistance
Magical Staves
 c - a staff of conjuration
Jewellery
 s - a ring of positive energy (left hand)
Scrolls
 i - a scroll of poison {unknown}
 k - a scroll of enchant armour {unknown}
 n - a scroll of fear {unknown}
 o - 2 scrolls of immolation {unknown}
 p - a scroll of teleportation {unknown}
 r - a scroll of blinking {unknown}
 u - a scroll of magic mapping {unknown}
Potions
 b - a potion of magic
 e - 2 potions of resistance {unknown}
 j - a potion of curing {unknown}
 l - 2 potions of cancellation {unknown}
 m - a potion of invisibility {unknown}
 q - a potion of lignification {unknown}
 t - a potion of degeneration {unknown}


   Skills:
 - Level 1.7 Dodging
 - Level 1.7 Stealth
 + Level 2.9 Spellcasting
 + Level 4.4 Ice Magic


You had 6 spell levels left.
You knew the following spells:

 Your Spells              Type           Power      Damage    Failure   Level
a - Freeze                Ice            84%        1d9       6%          1

Your spell library contained the following spells:

 Spells                   Type           Power      Damage    Failure   Level
 Frozen Ramparts          Ice            42%        1d7       19%         3
 Ozocubu's Armour         Ice            21%        N/A       19%         3
 Kiss of Death            Conj/Necr      12%        2d6       36%         1
 Sandblast                Erth           6%         2d5       36%         1
 Passwall                 Tmut/Erth      2%         N/A       50%         2
 Scorch                   Fire           6%         2d5       50%         2
 Confusing Touch          Hex            3%         N/A       75%         3
 Stone Arrow              Conj/Erth      6%         3d7       75%         3
 Ice Form                 Ice/Tmut       12%        N/A       83%         4
 Summon Ice Beast         Ice/Summ       12%        N/A       83%         4
 Dispel Undead            Necr           3%         3d7       98%         4
 Flame Wave               Conj/Fire      3%         2d5       98%         4
 Summon Cactus Giant      Summ           1%         N/A       100%        6
 Malign Gateway           Summ/Tloc      1%         N/A       100%        7


Dungeon Overview and Level Annotations

Branches:
Dungeon (3/15)

Annotations:
D:2 Sigmund


Innate Abilities, Weirdness & Mutations

You have an increased reservoir of magic. (+10% MP)
You shall have no god before yourself.
Your divine heritage dramatically boosts your attributes as you level up.


Message History

You miscast Freeze.
Nothing appears to happen.
The black bear barely misses you. The black bear claws you.
The black bear claws you but does no damage.
You freeze the black bear!
The black bear is heavily wounded.
The black bear closely misses you.
The black bear claws you but does no damage. x2
You freeze the black bear.
The black bear is heavily wounded.
The black bear closely misses you. The black bear claws you.
The black bear claws you but does no damage.
Casting: Freeze (safe; 6% risk of failure)
Confirm with . or Enter, or press ? or * to list all spells.
Okay, then.
Okay, then.
You freeze the black bear.
The black bear is severely wounded.
The black bear bites you. The black bear closely misses you.
The black bear claws you.
You are too injured to fight recklessly!
Casting: Freeze (safe; 6% risk of failure)
Confirm with . or Enter, or press ? or * to list all spells.
Aiming: Freeze (safe; 6% risk of failure)
Press: ? - help, Shift-Dir - straight line, f/p - black bear
Aim: a black bear (severely wounded)
You freeze the black bear.
The black bear is almost dead.
The black bear goes berserk!
Unknown command.
Casting: Freeze (safe; 6% risk of failure)
Confirm with . or Enter, or press ? or * to list all spells.
Aiming: Freeze (safe; 6% risk of failure)
Press: ? - help, Shift-Dir - straight line, f/p - black bear
Aim: a black bear (severely wounded, berserk)
You freeze the black bear.
The black bear is almost dead.
The black bear barely misses you. The black bear claws you.
The black bear claws you but does no damage.
The black bear bites you!
You die...

#.. #.# ######## #.#
.......###########.#
######...........#.#
###########.#.# ####.#.# #.
#......# #. ######### #.##@###
###.### #.......#
#.##h#####.....#
#.#####.####.#............######
##.#####......#..#####...........
.......########..# #...).##..<.
#................# #.....##.##.
######)#######.[<######.....)....
#.# #................... #.#
#..#############.##.


You could see a black bear (berserk).

Vanquished Creatures
  An adder (D:3)
  A worm (D:2)
  3 dart slugs
  5 ball pythons
  2 endoplasms (D:3)
  A giant cockroach (D:3)
  8 goblins
  5 hobgoblins
  5 jackals
  4 bats (D:1)
  6 frilled lizards
  6 kobolds
  6 rats
53 creatures vanquished.

Notes
Turn   | Place    | Note
-------+----------+-------------------------------------------
     0 | D:1      | hikkokomori the Demigod Ice Elementalist began the quest
                  | for the Orb.
     0 | D:1      | Reached XP level 1. HP: 14/14 MP: 5/5
   331 | D:1      | Reached XP level 2. HP: 20/20 MP: 3/7
   470 | D:1      | Got the Grimoire of Neurosis
   607 | D:1      | Reached skill level 4 in Ice Magic
  1288 | D:2      | Reached XP level 3. HP: 26/26 MP: 7/9
  1763 | D:2      | Noticed Sigmund
  2582 | D:3      | Noticed a black bear
  2591 | D:3      | Slain by a black bear

Illustrated notes

Levels and vault maps discovered:
D:1:      lightli_arrival_noodles, layout_basic
D:2:      layout_basic, basic_altar, uniq_sigmund
D:3:      layout_loops_ring, mainiacjoe_overflow_paths,
          ashenzari_conservatory_becter, zin_statuary

Skill      XL: |  1  2 |
---------------+-------+-----
Spellcasting   | 2 |  2.9
Ice Magic      | 4 |  4.4
Dodging        | |  1.7
Stealth        | |  1.7

Action                   || total
-------------------------++-------
Melee: Long sword        ||    12
 Cast: Freeze            ||    84
Armor: Ring mail         ||    43
Dodge: Dodged            ||    53

Table legend: (Time is in decaauts)
 A = Elapsed time spent in this place.
 B = Non-inter-level travel time spent in this place.
 C = Inter-level travel time spent in this place.
 D = Time resting spent in this place.
 E = Time spent auto-exploring this place.
 F = Levels seen in this place.
 G = Mean time per level.
                   A        B        C        D        E       F      G
               +--------+--------+--------+--------+--------+-----+--------+
         Total |   2594 |   2521 |     73 |      0 |   2032 |   3 |  864.7 |
       Dungeon |   2594 |   2521 |     73 |      0 |   2032 |   3 |  864.7 |
               +--------+--------+--------+--------+--------+-----+--------+

Top non-repeatable levels by time:
     D:2: 992 daAuts
     D:1: 954 daAuts
     D:3: 647 daAuts
